 Dungeon Crawl Stone Soup version 0.25.1-8-g42b30a86e7 (webtiles) character file.

Game seed: 17151475629150322171

158 hehateme the Skirmisher (level 5, -3/63 HPs)
             Began as an Ogre Fighter on Dec 17, 2020.
             Slain by Pikel
             ... wielding a +0 whip of freezing
              (5 damage)
             ... on level 3 of the Dungeon.
             The game lasted 00:03:35 (3713 turns).

hehateme the Skirmisher (Ogre Fighter)              Turns: 3713, Time: 00:03:36

Health: -3/63      AC:  3    Str: 21    XL:     5   Next: 39%
Magic:  5/5        EV:  8    Int:  9    God:
Gold:   157        SH:  8    Dex:  8    Spells: 4/4 levels left

rFire    . . .     SeeInvis .   a - +0 war axe
rCold    . . .     Gourm    .   c - +0 kite shield
rNeg     . . .     Faith    .   b - +0 robe
rPois    .         Spirit   .   (helmet restricted)
rElec    .         Reflect  .   (no cloak)
rCorr    .         Harm     .   (gloves unavailable)
MR       .....                  (boots unavailable)
Stlth    +.........             (no amulet)
HPRegen  0.20/turn              (no ring)
MPRegen  0.09/turn              (no ring)

@: mighty
A: large, unfitting armour, tough skin 1
a: no special abilities


You were on level 3 of the Dungeon.
You were not hungry.

You visited 1 branch of the dungeon, and saw 4 of its levels.

You collected 157 gold pieces.

Inventory:

Hand Weapons
 a - a +0 war axe (weapon)
 r - a +2 dagger of draining
   (You found it on level 2 of the Dungeon)
Armour
 b - a +0 robe (worn)
 c - a +0 kite shield (worn)
Jewellery
 j - a cursed amulet of inaccuracy {unknown}
   (You found it on level 2 of the Dungeon)
 l - an uncursed ring of protection from fire {unknown}
   (You found it on level 1 of the Dungeon)
 w - an uncursed ring of positive energy {unknown}
   (You found it on level 4 of the Dungeon)
Wands
 s - a wand of flame (12)
   (You found it on level 3 of the Dungeon)
Scrolls
 e - 3 scrolls of remove curse {unknown}
 h - 2 scrolls of identify {unknown}
 i - a scroll of fear {unknown}
 k - 2 scrolls of teleportation {unknown}
 m - a scroll of amnesia {unknown}
 p - a scroll of magic mapping {unknown}
 u - a scroll of enchant weapon {unknown}
Potions
 d - a potion of might
 g - 2 potions of heal wounds {unknown}
 n - 2 potions of curing
 o - 3 potions of stabbing {unknown}
 q - a potion of ambrosia {unknown}
 t - 2 potions of degeneration {unknown}
Comestibles
 f - 6 rations
 v - 2 chunks of flesh {@w0}


   Skills:
 + Level 7.8 Fighting
 - Level 2.0 Axes
 - Level 2.6 Dodging
 - Level 2.6 Shields


You had 4 spell levels left.
You didn't know any spells.
Your spell library was empty.

Dungeon Overview and Level Annotations

Branches:
Dungeon (4/15)
 Temple: D:4-7

Altars:
Ashenzari
Zin
The Shining One

Shops:
D:2 *

Annotations:
D:3 Pikel


Innate Abilities, Weirdness & Mutations

You are too large for most types of armour.
You have tough skin. (AC +1)


Message History

No target in view!
You butcher the giant cockroach corpse.
v - 2 chunks of flesh {@w0} Eating one of 2 chunks of flesh {@w0}.
You eat one of the 2 chunks of flesh {@w0}.
A quokka comes into view.
Health restored: 63 A quokka is nearby!
You block the quokka's attack.
You barely miss the quokka. The quokka bites you.
You take 1 damage, and have 62/63 hp.
You hit the quokka.
You kill the quokka!
No target in view!
No target in view!
You butcher the quokka corpse.
v - 2 chunks of flesh {@w0} (gained 1)
You see here a quokka skeleton. x2
You hear the slow rusting of a drain nearby.
w - a glowing pearl ring Health restored: 63 A slave comes into view.
The slave shouts!
You hear a shout!
Pikel the Slaver comes into view.
He is wielding a +0 whip of freezing and wearing a +1 robe of fire resistance.
You see here a quokka skeleton.
There is a stone staircase leading up here.
Your shield prevents you from hitting the slave.
You block the slave's attack.
You climb upwards.
There is a stone staircase leading down here.
You hit Pikel but do no damage. Pikel barely misses you.
You closely miss Pikel.
Pikel hits you with a +0 whip of freezing.
Pikel freezes you.
Pikel hits you with a +0 whip of freezing.
Pikel freezes you.
You take 7 damage, and have 56/63 hp.
You completely miss Pikel.
Pikel hits you with a +0 whip of freezing.
Pikel freezes you.
You take 3 damage, and have 53/63 hp.
You closely miss Pikel. Pikel barely misses you.
Pikel hits you with a +0 whip of freezing.
Pikel freezes you.
You take 6 damage, and have 47/63 hp.
You hit Pikel. You block Pikel's attack.
You closely miss Pikel. Pikel barely misses you. You block Pikel's attack.
Unknown command.
You feel very mighty all of a sudden.
Pikel hits you with a +0 whip of freezing.
Pikel freezes you.
You take 6 damage, and have 42/63 hp.
Drop what? 23/52 slots (_ for help) (? for menu, Esc to quit)
Okay, then.
Unknown command.
Okay, then.
You hit Pikel. You block Pikel's attack.
You slash Pikel!
Pikel hits you with a +0 whip of freezing.
Pikel freezes you.
Pikel hits you with a +0 whip of freezing.
Pikel freezes you.
You take 10 damage, and have 33/63 hp.
You hit Pikel. You block Pikel's attack.
You hit Pikel but do no damage. You block Pikel's attack.
Pikel hits you with a +0 whip of freezing.
Pikel freezes you.
You take 2 damage, and have 31/63 hp.
You barely miss Pikel. Pikel hits you but does no damage.
You closely miss Pikel. Pikel barely misses you. You block Pikel's attack.
You barely miss Pikel.
Pikel hits you with a +0 whip of freezing!
Pikel freezes you. Pikel barely misses you.
You take 11 damage, and have 21/63 hp.
You hit Pikel.
Pikel hits you with a +0 whip of freezing.
* * * LOW HITPOINT WARNING * * *
Pikel freezes you.
* * * LOW HITPOINT WARNING * * *
You take 7 damage, and have 14/63 hp.
You closely miss Pikel.
Pikel hits you with a +0 whip of freezing.
* * * LOW HITPOINT WARNING * * *
Pikel freezes you.
* * * LOW HITPOINT WARNING * * *
You take 2 damage, and have 12/63 hp.
You hit Pikel.
Pikel drinks a potion.
Pikel is healed!
Pikel hits you but does no damage.
You closely miss Pikel.
Pikel hits you with a +0 whip of freezing.
* * * LOW HITPOINT WARNING * * *
Pikel freezes you.
* * * LOW HITPOINT WARNING * * *
You take 2 damage, and have 10/63 hp.
You barely miss Pikel. You block Pikel's attack.
Pikel hits you with a +0 whip of freezing!
* * * LOW HITPOINT WARNING * * *
Pikel freezes you.
You die...

..........#..###.................
##########.#...........####.#.##.
.## ##..#######.#.# #.#.##. ..#
##.# #....# #.#.... .## #.#
###....## #.##... .#
#.####.......# #...... .#
#............# ###.... .#####
######K......#####).). .....##
#.@................ ......##
#.###...#######..#.
.......########.# ###.#######..#.
............[...# #..........##
................# ##########.#
.........#####.## #.# .......#.#
#.# #.# #.....##.# ##.## #.#
.....###.# #..[# #.#


You could see Pikel.

Vanquished Creatures
  An orc priest (D:3)
  An orc wizard (D:3)
  A worker ant (D:3)
  3 adders (D:2)
  2 worms
  An orc (D:3)
  4 bats
  3 giant cockroaches
  6 goblins
  6 hobgoblins
  4 kobolds
  3 quokkas
  A ball python (D:1)
  6 frilled lizards
  7 rats
49 creatures vanquished.

Notes
Turn   | Place    | Note
-------+----------+-------------------------------------------
     0 | D:1      | hehateme the Ogre Fighter began the quest for the Orb.
     0 | D:1      | Reached XP level 1. HP: 24/24 MP: 1/1
   317 | D:1      | Found a shattered altar of Ashenzari.
   348 | D:1      | Reached XP level 2. HP: 25/33 MP: 2/2
   631 | D:1      | Reached skill level 5 in Fighting
  1265 | D:2      | Reached XP level 3. HP: 42/42 MP: 3/3
  1332 | D:2      | Found Zin's Purification Station.
  1332 | D:2      | Found a glowing silver altar of Zin.
  1694 | D:2      | Reached skill level 6 in Fighting
  1995 | D:2      | Found a glowing golden altar of the Shining One.
  2227 | D:2      | Reached XP level 4. HP: 49/53 MP: 4/4
  2927 | D:3      | Reached skill level 7 in Fighting
  2947 | D:3      | Reached XP level 5. HP: 51/62 MP: 5/5
  3659 | D:4      | Noticed a slave
  3659 | D:4      | Noticed Pikel
  3709 | D:3      | HP: 14/63 [Pikel/+0 whip of freezing (3)]
  3713 | D:3      | HP: 2/63 [Pikel/+0 whip of freezing (9)]
  3713 | D:3      | Slain by Pikel

Illustrated notes

Levels and vault maps discovered:
D:1:      sevenhm_arrival_forest_fort_large_2, layout_basic, dk_noncrumbling_3,
          evilmike_ruin_ashenzari
D:2:      layout_loops_ring, zin_purify, tso_metal_star, due_unseen_surprise
D:3:      layout_loops_ring, first_ration
D:4:      layout_basic, overflow_temple_1_default, cheibrodos_sewer_entry_drain,
          uniq_pikel

Skill      XL: |  1  2  3  4 |
---------------+-------------+-----
Fighting       | 5 6 7 |  7.8
Axes           | |  2.0
Dodging        | |  2.6
Shields        | |  2.6

Action                   |  1- 3 |  4- 6 || total
-------------------------+-------+-------++-------
Melee: War axe           |   105 |    80 ||   185
  Use: Potion            |       |     1 ||     1
  Eat: Chunk             |     4 |     5 ||     9
Armor: Robe              |    26 |    12 ||    38
Dodge: Dodged            |    28 |    14 ||    42
Block: Kite shield       |    45 |    28 ||    73

Levels and vault maps discovered:
D:1:      sevenhm_arrival_forest_fort_large_2, layout_basic, dk_noncrumbling_3,
          evilmike_ruin_ashenzari
D:2:      layout_loops_ring, zin_purify, tso_metal_star, due_unseen_surprise
D:3:      layout_loops_ring, first_ration
D:4:      layout_basic, overflow_temple_1_default, cheibrodos_sewer_entry_drain,
          uniq_pikel

Table legend:
 A = Turns spent in this place as a percentage of turns spent in the entire game.
 B = Non-inter-level travel turns spent in this place as a percentage of non-inter-level travel turns spent in the entire game.
 C = Inter-level travel turns spent in this place as a percentage of turns spent in this place.
 D = Turns resting spent in this place as a percentage of non-inter-level travel turns spent in this place.
 E = Turns spent auto-exploring this place as a percentage of non-inter-level travel turns spent in this place.
 F = Non-inter-level travel turns spent in this place divided by the number of levels of this place that you've seen.
                   A       B       C       D       E      F
               +-------+-------+-------+-------+-------+----------------------
         Total | 100.0 | 100.0 |   2.3 |   4.2 |  84.1 | 906.5
       Dungeon | 100.0 | 100.0 |   2.3 |   4.2 |  84.1 | 906.5
               +-------+-------+-------+-------+-------+----------------------

Table legend:
 A = Kills in this place as a percentage of kills in entire the game.
 B = Kills by you in this place as a percentage of kills by you in the entire game.
 C = Kills by friends in this place as a percentage of kills by friends in the entire game.
 D = Other kills in this place as a percentage of other kills in the entire game.
 E = Experience gained in this place as a percentage of experience gained in the entire game.
 F = Experience gained in this place divided by the number of levels of this place that you have seen.
                   A       B       C       D       E      F
               +-------+-------+-------+-------+-------+----------------------
         Total | 100.0 | 100.0 |   N/A |   N/A | 100.0 |  56.5
       Dungeon | 100.0 | 100.0 |   N/A |   N/A | 100.0 |  56.5
               +-------+-------+-------+-------+-------+----------------------
